 Dungeon Crawl Stone Soup version 0.21-a0-426-g98080a9 (webtiles) character file.

16 NoRagrets the Poker (level 2, 0/24 HPs)
             Began as a Merfolk Berserker on Nov 5, 2017.
             Was a Follower of Trog.
             Slain by a hobgoblin
             ... wielding a +0 club
              (3 damage)
             ... on level 1 of the Dungeon.
             The game lasted 00:00:41 (352 turns).

NoRagrets the Poker (Merfolk Berserker)              Turns: 352, Time: 00:00:42

Health: 0/24       AC:  2    Str: 17    XL:     2   Next: 54%
Magic:  2/2        EV: 13    Int:  6    God:    Trog [*.....]
Gold:   16         SH:  0    Dex: 13    Spells: 1/1 levels left

rFire    . . .     SeeInvis .   a - +0 spear
rCold    . . .     Gourm    .   (no shield)
rNeg     . . .     Faith    .   b - +0 animal skin
rPois    .         Spirit   .   (no helmet)
rElec    .         Reflect  .   (no cloak)
rCorr    .         Harm     .   (no gloves)
MR       .....                  (no boots)
Stlth    +.........             (no amulet)
HPRegen  0.08/turn              (no ring)
MPRegen  0.08/turn              (no ring)

@: no status effects
A: change form in water, swift swim, stealthy swim
a: Berserk, Burn Spellbooks, Renounce Religion


You were on level 1 of the Dungeon.
You worshipped Trog.
Trog was aware of your devotion.
You were not hungry.

You visited 1 branch of the dungeon, and saw 1 of its levels.

You collected 16 gold pieces.

Inventory:

Hand Weapons
 a - a +0 spear (weapon)
Armour
 b - a +0 animal skin (worn)
Scrolls
 i - a scroll of identify {unknown}
Potions
 d - a potion of brilliance {unknown}
 e - a potion of curing {unknown}
 g - a potion of might {unknown}
 j - a potion of flight {unknown}
Comestibles
 c - a bread ration
 h - a royal jelly


   Skills:
 + Level 3.5 Fighting
 + Level 4.7 Polearms
 + Level 1.6 Armour
 + Level 3.1 Dodging


You had one spell level left.
You didn't know any spells.

Dungeon Overview and Level Annotations

Branches:
Dungeon (1/15)

Altars:


Message History

You closely miss the hobgoblin.
The hobgoblin is severely wounded.
The hobgoblin hits you with a club.
You closely miss the hobgoblin.
The hobgoblin is severely wounded.
The hobgoblin barely misses you.
You closely miss the hobgoblin.
The hobgoblin is severely wounded.
The hobgoblin hits you with a club.
* * * LOW HITPOINT WARNING * * *
You hit the hobgoblin but do no damage.
The hobgoblin is severely wounded.
The hobgoblin hits you with a club.
* * * LOW HITPOINT WARNING * * *
You barely miss the hobgoblin.
The hobgoblin is severely wounded.
You barely miss the hobgoblin.
The hobgoblin is severely wounded.
The hobgoblin hits you with a club.
You die...

...# #.# #+# ###..## #### #..
#.# #.....# ########### ##'##
#.##..##
..........#####...#####.##...#
###.....#.'.'.'.<.'.'.'.##...#
........#.#####...#########..##
###.......# ##'## #...#
#.....### #.# ##..# #.....# #@#
#..# #.....# #g# #..# #.....#
##)# #..# ###.....# #..#
######.### ........#######.###
#......... ..............(...#
#......... ..................#
#......... ....##............#
#......... ....##............#
#.......>.


You could see a hobgoblin.

Vanquished Creatures
  2 goblins (D:1)
  4 jackals (D:1)
  2 kobolds (D:1)
  2 bats (D:1)
  4 rats (D:1)
14 creatures vanquished.

Notes
Turn   | Place    | Note
-------+----------+-------------------------------------------
     0 | D:1      | NoRagrets the Merfolk Berserker began the quest for the Orb.
     0 | D:1      | Reached XP level 1. HP: 18/18 MP: 1/1
   195 | D:1      | Reached XP level 2. HP: 23/24 MP: 2/2
   352 | D:1      | Slain by a hobgoblin

Vault maps used:
D:1:      minmay_arrival_doors

Skill      XL: |  1 |
---------------+----+-----
Dodging        | 3 |  3.1
Fighting       | |  3.5
Polearms       | |  4.7
Armour         | |  1.6

Action                   || total
-------------------------++-------
Melee: Spear             ||    69
Invok: Berserk           ||     1
Armor: Animal skin       ||     6
Dodge: Dodged            ||    31

Table legend:
 A = Spawn XP
 B = Non-spawn XP
 C = Spawn XP percentage of total XP
 D = Spawn monster count
 E = Non-spawn monster count
 F = Spawn count percentage of total count
 G = Total turns spent on level
                    A         B        C        D         E        F      G
               +---------+---------+-------+---------+---------+-------+---------
         Total |       0 |      23 |   0.0 |       0 |      14 |   0.0 |   352
               +---------+---------+-------+---------+---------+-------+---------
           D:1 |       0 |      23 |   0.0 |       0 |      14 |   0.0 |   352
               +---------+---------+-------+---------+---------+-------+---------
